AoeStats
← bekatohe

Oasis

509977828Analyzed
4v4 RM · 5d ago on Sep 28, 2026· 73m 12s· 8 players
Game mode
Random Map
Map size
Large (8 player)
Population
200
Speed
Normal
Resources
Standard
Victory
Conquest
Starting age
Dark Age
Ending age
Imperial Age
RankedLock teamsTeams togetherTeam positionsShared explorationLock speedFull tech treeHidden civsTurbo modeCheats
Victory
Defeat
🇬🇧 Danes · United Kingdom
1012
+6
🇬🇧 Bengalis · United Kingdom
712
+17
🇬🇧 Huns · United Kingdom
699
+18
🇬🇧 Turks · United Kingdom
697
+18
🇦🇷 Goths · Argentina
784
-16
🇧🇷 Varangians · Brazil
781
-16
🇺🇸 Celts · United States
728
-14
🇲🇽 Mongols · Mexico
713
-17
TWT
1:46 Loom
11:01 Feudal Age
12:31 Wheelbarrow
11:43 Horse Collar
11:51 Double-Bit Axe
18:18 Castle Age
23:45 Hand Cart
24:02 Heavy Plow
25:34 Stone Mining
25:35 Gold Mining
26:02 Bow Saw
34:33 Imperial Age
33:38 Nomads
34:01 Forging
33:42 Fletching
33:52 Padded Archer Armor
33:52 Scale Mail Armor
33:58 Scale Barding Armor
34:13 Husbandry
34:23 Bloodlines
33:34 Light Cavalry
35:32 Iron Casting
35:20 Ballistics
35:11 Masonry
35:12 Fortified Wall
34:58 Murder Holes
35:49 Conscription
35:50 Drill
35:59 Thumb Ring
36:38 Parthian Tactics
37:19 Stone Shaft Mining
37:20 Gold Shaft Mining
37:55 Bodkin Arrow
38:16 Leather Archer Armor
38:16 Chain Mail Armor
38:21 Chain Barding Armor
39:16 Chemistry
40:28 Caravan
41:22 Hussar
42:34 Bracer
pyrrhus
10:21 Feudal Age
11:00 Town Watch
11:01 Loom
11:02 Double-Bit Axe
10:59 Horse Collar
20:37 Castle Age
21:43 Heavy Plow
23:04 Wheelbarrow
25:43 Scale Mail Armor
25:54 Forging
25:23 Pikeman
30:24 Imperial Age
29:50 Ballistics
32:12 Iron Casting
32:27 Halberdier
33:17 Fletching
36:23 Conscription
36:21 Chain Mail Armor
36:33 Fortified Wall
39:21 Blast Furnace
40:01 Caravan
44:49 Heavy Scorpion
45:43 Furor Celtica
46:37 Chemistry
45:09 Capped Ram
47:14 Siege Ram
48:27 Bow Saw
49:23 Husbandry
49:30 Scale Barding Armor
50:48 Cavalier
51:50 Chain Barding Armor
51:51 Paladin
60:47 Man-at-Arms
62:04 Long Swordsman
62:31 Gambesons
63:18 Plate Mail Armor
63:46 Siege Engineers
passoswalli
11:11 Feudal Age
15:44 Castle Age
[TodEs H] Ovejita Eléctrica
Sherb
0:43 Loom
12:55 Feudal Age
13:35 Horse Collar
13:46 Double-Bit Axe
17:46 Stone Mining
18:44 Bloodlines
25:54 Fletching
26:05 Padded Archer Armor
35:12 Castle Age
35:01 Gold Mining
35:53 Forging
39:59 Murder Holes
47:34 Ballistics
47:12 Town Watch
55:38 Imperial Age
54:54 Husbandry
56:36 Wheelbarrow
56:56 Conscription
58:04 Elite Janissary
62:51 Artillery
62:22 Capped Ram
64:07 Caravan
66:22 Siege Ram
69:25 Heavy Camel Rider
73:22 Hand Cart
73:50 Iron Casting
73:15 Scale Mail Armor
73:21 Scale Barding Armor
73:31 Leather Archer Armor
73:12 Bodkin Arrow
IdleBonobo
12:24 Feudal Age
16:15 Castle Age
15:36 Double-Bit Axe
15:34 Horse Collar
22:56 Loom
23:47 Wheelbarrow
22:58 Town Watch
26:12 Bow Saw
26:14 Heavy Plow
26:07 Gold Mining
26:10 Stone Mining
27:05 Hand Cart
27:30 Gold Shaft Mining
27:33 Stone Shaft Mining
27:51 Stone Shaft Mining
27:56 Town Patrol
30:07 Forging
29:57 Scale Mail Armor
33:35 Imperial Age
31:55 Iron Casting
32:49 Hamask
33:55 Chain Mail Armor
33:45 Squires
33:30 Arson
35:22 Blast Furnace
35:01 Conscription
36:07 Plate Mail Armor
35:00 Elite Jomsviking
38:13 Onager
38:56 Northmen's Fury
39:44 Siege Onager
40:41 Fletching
45:52 Pikeman
48:38 Halberdier
52:43 Bodkin Arrow
52:56 Siege Engineers
53:14 Ballistics
53:55 Chemistry
53:06 Masonry
57:59 Hoardings
56:48 Man-at-Arms
57:13 Gambesons
56:49 Elite Varangian Guard
56:56 Capped Ram
56:58 Heavy Scorpion
58:00 Scale Barding Armor
57:56 Bracer
57:56 Padded Archer Armor
57:49 Heated Shot
57:54 Murder Holes
57:50 Guard Tower
57:45 Arrowslits
58:11 Careening
58:12 Clinker Construction
58:22 Shipwright
58:07 Caravan
58:38 Coinage
58:51 Crossbowman
58:51 Elite Skirmisher
58:52 Heavy Mounted Crossbowman
58:52 Cranequins
59:38 Thumb Ring
58:59 Long Swordsman
59:07 Siege Ram
60:00 Redemption
60:01 Fervor
60:07 Block Printing
60:17 Illumination
59:53 Devotion
60:13 Sanctity
60:29 Theocracy
60:16 Chain Barding Armor
60:35 Keep
59:44 Light Cavalry
60:35 Bloodlines
60:25 Husbandry
60:15 Two-Handed Swordsman
61:17 Leather Archer Armor
61:38 Plate Barding Armor
61:25 Dry Dock
61:38 Banking
61:12 Champion
62:30 Ring Archer Armor
62:23 Carvel Hull
68:56 Spies/Treason
69:40 Fishing Lines
70:11 Medium Warships
69:21 Elite Longship
70:51 Gillnets
71:56 Heavy Warships
Tramdan
0:36 Loom
16:09 Feudal Age
21:39 Castle Age
21:25 Bloodlines
23:06 Husbandry
24:06 Marauders
38:37 Imperial Age
38:41 Cavalier
39:54 Paladin
42:16 Scale Barding Armor
42:23 Forging
43:21 Chain Barding Armor
44:27 Iron Casting
49:22 Blast Furnace
59:46 Plate Barding Armor
68:48 Spies/Treason
bekatohe
0:32 Loom
11:42 Feudal Age
13:13 Wheelbarrow
14:30 Horse Collar
17:47 Double-Bit Axe
24:12 Castle Age
24:33 Pikeman
25:13 Squires
24:58 Arson
28:49 Hand Cart
33:07 Caravan
33:26 Bow Saw
35:09 Gold Mining
40:39 Imperial Age
38:21 Paiks
38:30 Town Watch
39:36 Scale Mail Armor
39:47 Forging
39:42 Scale Barding Armor
42:17 Halberdier
45:03 Two-Man Saw
44:11 Heavy Plow
44:38 Chain Barding Armor
44:34 Chain Mail Armor
44:55 Iron Casting
44:03 Elite Battle Elephant
44:47 Husbandry
45:54 Gold Shaft Mining
47:13 Mahayana
46:15 Elite Ratha (Ranged)
47:19 Bloodlines
52:11 Siege Elephant
Connection lost

Rejoining the realm…

Still unreachable

The connection could not be restored.

Session expired

The server has moved on; the page needs a fresh start.